 Dungeon Crawl Stone Soup version 0.27.1-2-g3b301248ec (webtiles) character file.

Game seed: 11365867555186340480

95302 ABBCCCDDDD the Arsonist (level 16, -2/110 HPs)
             Began as an Octopode Fire Elementalist on Oct 1, 2021.
             Was an Initiate of Gozag.
             Slain by a jumping spider (5 damage)
             ... while paralysed by a Zot trap
             ... on level 1 of the Spider Nest on Oct 3, 2021.
             The game lasted 01:22:42 (48001 turns).

ABBCCCDDDD the Arsonist (OpFE)                     Turns: 48001, Time: 01:22:43

Health: -2/110     AC:  7    Str: 10    XL:     16   Next: 13%
Magic:  37/50      EV:  2    Int: 22    God:    Gozag
Gold:   1539       SH:  0    Dex: 12    Spells: 20/39 levels left

rFire    + . .     SeeInvis .   A - +10 dagger of Watchfulness {freeze, rC+}
rCold    + + .     Faith    .   G - +2 buckler {rF+}
rNeg     + . .     Spirit   .   W - +2 hat {Will+}
rPois    +         Reflect  .   T - amulet of regeneration
rElec    .         Harm     .   o - ring of magical power
rCorr    .         Rampage  .   p - ring of positive energy
Will     ++...                  v - +4 ring of protection
Stlth    +++++.....             B - ring of magical power
HPRegen  1.28/turn              Y - ring of protection from cold
MPRegen  0.32/turn              K - +4 ring of evasion
                                X - ring of poison resistance
                                Q - +4 ring of evasion

@: paralysed, gold aura, very slightly contaminated, held, hasted, invisible
A: almost no armour, amphibious, 8 rings, camouflage 1, gelatinous body 1,
(nimble swimmer 1), tentacles
a: Renounce Religion, Potion Petition, Call Merchant, Bribe Branch


You were on level 1 of the Spider Nest.
You worshipped Gozag.
Gozag was most pleased with you.
You visited 5 branches of the dungeon, and saw 25 of its levels.
You also visited: Ice Cave.

You collected 7942 gold pieces.
You spent 2450 gold pieces at shops.
You paid 3953 gold pieces to Gozag.

Inventory:

Hand Weapons
 t - the +6 trident "Fodd" {freeze, rElec Str+4 Dex+3}
   (You found it on level 5 of the Lair of Beasts)

   It freezes those it strikes, dealing additional cold damage.
   It can also slow down cold-blooded creatures.
   Str:       It affects your strength (+4).
   Dex:       It affects your dexterity (+3).
   rElec:     It insulates you from electricity.
 A - the +10 dagger of Watchfulness (weapon) {freeze, rC+}
   (You found it on level 14 of the Dungeon)

   It freezes those it strikes, dealing additional cold damage.
   It can also slow down cold-blooded creatures.
   rC:        It protects you from cold.
Missiles
 i - 89 poisoned darts
 O - 4 curare-tipped darts (quivered)
Armour
 G - a +2 buckler of fire resistance (worn)
 W - a +2 hat of willpower (worn)
Jewellery
 o - a ring of magical power (left tentacle)
 p - a ring of positive energy (right tentacle)
 v - a +4 ring of protection (on tentacle)
 w - a ring of flight
 B - a ring of magical power (on tentacle)
 J - a ring of protection from cold
 K - a +4 ring of evasion (on tentacle)
 N - a ring of see invisible
 Q - a +4 ring of evasion (on tentacle)
 T - an amulet of regeneration (around mantle)
 X - a ring of poison resistance (on tentacle)
 Y - a ring of protection from cold (on tentacle)
Wands
 r - a wand of mindburst (26)
 C - a wand of acid (19)
 M - a wand of flame (13)
 P - a wand of iceblast (27)
 S - a wand of digging (7)
Scrolls
 a - 6 scrolls of enchant armour
 b - 4 scrolls of fog
 c - 7 scrolls of enchant weapon
 e - 5 scrolls of vulnerability
 j - 3 scrolls of noise
 u - a scroll of torment
 y - a scroll of fear
 D - 2 scrolls of immolation
 E - 3 scrolls of teleportation
 F - 3 scrolls of blinking
 I - a scroll of silence
 L - a scroll of holy word
 V - a scroll of summoning
Potions
 d - 3 potions of ambrosia
 f - 2 potions of flight
 g - 9 potions of heal wounds
 k - 10 potions of curing
 l - a potion of invisibility
 m - 3 potions of resistance
 n - 5 potions of brilliance
 q - a potion of mutation
 s - 4 potions of attraction
 x - a potion of haste
 z - a potion of might {unknown}
 H - 4 potions of degeneration
 R - 5 potions of lignification
 Z - a potion of magic {unknown}
Miscellaneous
 h - a lightning rod (4/4)
 U - a phial of floods (inert)


   Skills:
 - Level 10.5 Fighting
 - Level 2.0 Short Blades
 - Level 6.0 Polearms
 - Level 3.8 Dodging
 - Level 8.0 Stealth
 - Level 7.2 Shields
 - Level 12.0 Spellcasting
 - Level 10.5 Conjurations
 - Level 6.0 Hexes
 + Level 14.0 Fire Magic
 - Level 5.0 Ice Magic
 - Level 8.0 Evocations


You had 20 spell levels left.
You knew the following spells:

 Your Spells              Type           Power      Damage    Failure   Level
a - Foxfire               Conj/Fire      100%       2x1d9     1%          1
b - Sticky Flame          Conj/Fire      61%        2d8       1%          4
c - Frozen Ramparts       Ice            70%        1d9       1%          3
d - Slow                  Hex            39%        N/A       1%          2
e - Fireball              Conj/Fire      30%        3d13      1%          5
f - Cause Fear            Hex            19%        N/A       4%          4

Your spell library contained the following spells:

 Spells                   Type           Power      Damage    Failure   Level
 Shock                    Conj/Air       100%       1d9       1%          1
 Confusing Touch          Hex            39%        N/A       1%          3
 Conjure Flame            Conj/Fire      61%        6-21      1%          3
 Inner Flame              Hex/Fire       55%        N/A       1%          3
 Beastly Appendage        Tmut           26%        N/A       4%          1
 Sting                    Tmut/Pois      52%        1d5       4%          1
 Poisonous Vapours        Pois/Air       26%        N/A       8%          2
 Sublimation of Blood     Necr           6%         N/A       8%          2
 Wereblood                Tmut           13%        N/A       8%          2
 Spider Form              Tmut/Pois      6%         N/A       14%         3
 Swiftness                Air            13%        N/A       14%         3
 Lightning Bolt           Conj/Air       18%        1d32      16%         5
 Ice Form                 Ice/Tmut       24%        N/A       17%         4
 Summon Ice Beast         Ice/Summ       24%        N/A       17%         4
 Summon Mana Viper        Hex/Summ       26%        N/A       36%         5
 Yara's Violent Unravell  Hex/Tmut       13%        3d7       36%         5
 Airstrike                Air            6%         N/A       43%         4
 Olgreb's Toxic Radiance  Pois           13%        N/A       43%         4
 Summon Lightning Spire   Summ/Air       13%        N/A       43%         4
 Dragon Form              Tmut           6%         N/A       100%        7
 Monstrous Menagerie      Summ           6%         N/A       100%        7
 Summon Hydra             Summ           6%         N/A       100%        7
 Dragon's Call            Summ           6%         N/A       100%        9


Dungeon Overview and Level Annotations

Branches:
Dungeon (15/15)            Temple (1/1) D:6            Lair (6/6) D:9
 Shoals (0/4) Lair:3       Spider (1/4) Lair:3          Orc (2/2) D:9
    Elf (0/3) Orc:2        Vaults (0/5) D:14         Depths (0/5) D:15
  IceCv (visited)
  Slime: Lair:5-6

Altars:
Ashenzari
Cheibriados
Dithmenos
Elyvilon
Fedhas
Gozag
Hepliaklqana
Kikubaaqudgha
Makhleb
Nemelex Xobeh
Okawaru
Qazlal
Ru
Sif Muna
Trog
Uskayaw
Vehumet
Wu Jian
Xom
Yredelemnul
Zin
The Shining One

Shops:
D:5 *   D:9 ?   D:11 ?   Orc:1 !   Orc:2 ![:[   Lair:1 ?:!=

Portals:
Abyss: Lair:1

Annotations:
D:2 1 runed translucent door, Crazy Yiuf
D:10 1 runed translucent door, exclusions: 2 downstairs and 2 wraiths, Fannar, Josephine, Psyche
D:11 exclusion: 2 upstairs
D:15 3 runed translucent doors, Vuirau's ghost, journeyman DsGl
Lair:1 2 transporters, Britaniac's ghost, journeyman NaIE
Lair:6 2 runed translucent doors


Innate Abilities, Weirdness & Mutations

You cannot wear most types of armour.
You are amphibious.
You can wear up to eight rings at the same time.
Your skin changes colour to match your surroundings (Stealth+).
Your rubbery body absorbs attacks. (AC +1, EV +1)
((You are camouflaged near water. (Stealth+)))
You have tentacles for arms and can constrict up to eight enemies at once.


Message History

Your Fire Magic skill increases to level 14!
There is a hole to the Spider Nest here.
You climb downwards.
Welcome back to the Spider Nest!
This branch is unnaturally silent, and so sound travels much further.
This branch contains the gossamer rune of Zot.
A redback comes into view.
You block the jumping spider's attack.
The jumping spider completely misses you.
The wolf spider hits you!! The wolf spider completely misses you.
There is a crawl-hole back to the Lair, spattered with blood here.
You hear a loud "Zot"!
The power of Zot is invoked against you!
You suddenly lose the ability to move!
The wolf spider hits you. The wolf spider bites you.
The jumping spider is distracted by your dazzling golden aura.
The wolf spider hits you.
The wolf spider bites you but does no damage.
The jumping spider pounces on you! The jumping spider bites you.
The jumping spider hisses angrily. x2; The wolf spider hisses angrily.
The orb spider hisses angrily.
The jumping spider pounces on you.
You are caught in a web!
The jumping spider bites you but does no damage.
The wolf spider hits you! The wolf spider barely misses you.
The wolf spider hits you but does no damage.
The wolf spider bites you but does no damage.
The jumping spider pounces on you!
* * * LOW HITPOINT WARNING * * *
The jumping spider completely misses you.
The jumping spider pounces on you!
* * * LOW HITPOINT WARNING * * *
The jumping spider barely misses you. The wolf spider hits you.
* * * LOW HITPOINT WARNING * * *
The wolf spider bites you but does no damage.
The wolf spider hits you.
* * * LOW HITPOINT WARNING * * *
The wolf spider bites you.
* * * LOW HITPOINT WARNING * * *
The jumping spider pounces on you.
You die...
Your body crumbles into a pile of gold.

##..
..s
##.s.
..s.
###s^##
#...ss#
#.sss.#
#@s#
#.s#
...#
###^#
##


You could see 3 wolf spiders, 3 orb spiders, 4 jumping spiders and a redback
(wandering).

Levels and vault maps discovered:
D:1:      lightli_arrival_windingriver, layout_basic,
          shapermc_ecumenical_altar_ellora, minmay_misc_feat_more_columns
D:2:      layout_loops_ring, uniq_crazy_yiuf_cottage
D:3:      layout_basic, lemuel_tele_altar
D:4:      minmay_spotlight, layout_rooms, nicolae_yredelemnul_corpse_copse,
          mainiacjoe_overflow_paths, ebering_dispersal_statue_hall
D:5:      layout_loops_ring, mainiacjoe_overflow_small_starburst,
          makhleb_altar_promises_db, serial_shops,
          nicolae_shop_competitors_out_of_business, kennysheep_generic_room_14
D:6:      cheibrodos_two_vegetables, layout_basic,
          nzn_overflow_gifts_of_might_and_magic,
          mainiacjoe_overflow_tiny_flanked, minmay_temple_entry_mist
D:7:      layout_loops_cross
D:8:      layout_loops_corners, nicolae_uskayaw_suspiria
D:9:      layout_roguey, doesnt_xom_only_xom, gammafunk_temple_overflow_wave,
          grunt_lair_entry_orc_guard_hut, david_orc_2, serial_shops, shop_statue
D:10:     layout_stronghold, grunt_gozag_breadcrumbs, lightli_church_of_beogh,
          uniq_psyche, uniq_josephine, uniq_fannar
D:11:     minmay_the_grid_triangle_9x9_rhombus_full_mashed
          [minmay_the_grid_triangle_9x9_wacky_v,
          minmay_the_grid_triangle_9x9_dagger,
          minmay_the_grid_triangle_9x9_corrupted_corridor,
          minmay_the_grid_triangle_9x9_sparse_checkered,
          minmay_the_grid_triangle_9x9_sprig,
          minmay_the_grid_triangle_9x9_limited_checkers,
          minmay_the_grid_triangle_9x9_odd_lines,
          minmay_the_grid_triangle_9x9_prize_center], layout_rooms,
          serial_shops, shop
D:12:     layout_long_grid, gauntlet_entry_generic, kennysheep_generic_room_4
D:13:     layout_roguey
D:14:     layout_roguey, hangedman_vaults_entry_quadrant_bands,
          minmay_misc_feat_square, uniq_louise
D:15:     hangedman_depths_entry_try_elsewhere_first, layout_rooms,
          gammafunk_ghost_necromancy, serial_corexii_hall,
          corexii_hall_statues_x, corexii_hall_statues_x,
          minmay_misc_feat_nine_boxes, minmay_ruined_shrine
Temple:   jpeg_temple_island
Lair:1:   layout_misc_corridors, gammafunk_ghost_abyssal_escape,
          portal_ice_cave_rime, lightli_volcano_entry_magma_tube,
          nicolae_quartered_pool_super, grunt_forest_small_clearing_treed
Lair:2:   layout_big_grid, infiniplex_staircase_pool_2,
          minmay_lair_oklob_chamber, grunt_megastairs_5
Lair:3:   layout_small_grid, minmay_shoals_entry_lonely_mermaid,
          dummy_spider_entry, beast_lair_carwin_7
Lair:4:   layout_cave_pods
Lair:5:   layout_misc_corridors, columned_hall_lemuel, grunt_megastairs_4
Lair:6:   cheibrodos_lair_end_hotspot, layout_cave_pods,
          dpeg_slime_entry_corner, kennysheep_basilisk_garden
Spider:1: layout_spider_delve, nicolae_spider_orb_run
Orc:1:    layout_caves, serial_shops, nicolae_square_shop, uniq_snorg
Orc:2:    st_orc_mages, layout_diamond_mine, lightli_orcish_oven, uniq_sonja

Notes
Turn   | Place    | Note
-------+----------+-------------------------------------------
     0 | D:1      | ABBCCCDDDD the Octopode Fire Elementalist began the quest
                  | for the Orb.
     0 | D:1      | Reached XP level 1. HP: 11/11 MP: 3/3
   622 | D:1      | Reached XP level 2. HP: 17/17 MP: 0/5
   980 | D:1      | Found a faded altar of an unknown god.
  2074 | D:2      | Reached XP level 3. HP: 21/21 MP: 2/6
  3056 | D:2      | Found a runed translucent door.
  3057 | D:2      | Noticed Crazy Yiuf
  3351 | D:3      | Reached XP level 4. HP: 27/27 MP: 3/7
  4135 | D:2      | Reached skill level 4 in Fire Magic
  4629 | D:3      | Reached XP level 5. HP: 31/31 MP: 0/8
  4978 | D:3      | Found a glowing silver altar of Zin.
  5667 | D:4      | Reached XP level 6. HP: 36/36 MP: 0/10
  5776 | D:4      | Found an iron altar of Okawaru.
  6340 | D:4      | Noticed a black bear
  6350 | D:4      | Killed a black bear
  6351 | D:4      | Reached skill level 1 in Fighting
  6351 | D:4      | Reached skill level 5 in Fire Magic
  6446 | D:4      | Learned a level 4 spell: Sticky Flame
  6475 | D:4      | Reached XP level 7. HP: 44/44 MP: 5/11
  6883 | D:4      | Found a basalt altar of Yredelemnul.
  7233 | D:5      | Entered Level 5 of the Dungeon
  7245 | D:5      | Learned a level 3 spell: Frozen Ramparts
  7438 | D:5      | Found Mufilut's Assorted Antiques.
  7483 | D:5      | Reached skill level 1 in Ice Magic
  7853 | D:5      | Found a shadowy altar of Dithmenos.
  7920 | D:5      | Reached skill level 5 in Conjurations
  7920 | D:5      | Reached XP level 8. HP: 50/50 MP: 14/14
  8373 | D:5      | Found a burning altar of Makhleb.
  8373 | D:5      | Noticed a blizzard demon
  8378 | D:5      | Noticed a ynoxinul
  8378 | D:5      | Noticed a smoke demon
  8504 | D:6      | Found a staircase to the Ecumenical Temple.
  8504 | D:6      | You fall into a shaft and drop 2 floors!
  8659 | D:7      | Reached skill level 6 in Fire Magic
  8659 | D:7      | Reached skill level 1 in Evocations
  8737 | D:7      | Noticed a two-headed ogre
  8829 | D:6      | Found a sparkling altar of Nemelex Xobeh.
  8855 | D:6      | Noticed Duvessa
  8871 | D:6      | Killed Duvessa
  9007 | Temple   | Entered the Ecumenical Temple
 10005 | D:6      | Noticed Dowan
 10010 | D:6      | Killed Dowan
 10055 | D:6      | Found a shimmering blue altar of Sif Muna.
 10062 | D:6      | Got Sif Muna's Incunabulum of Air
 10067 | D:6      | Found a bloodstained altar of Trog.
 10743 | D:6      | Learned a level 2 spell: Slow
 10919 | D:7      | Killed a two-headed ogre
 10920 | D:7      | Reached XP level 9. HP: 41/58 MP: 0/15
 11318 | D:7      | Reached skill level 7 in Fire Magic
 12587 | D:8      | Noticed a two-headed ogre
 12636 | D:8      | Reached skill level 1 in Short Blades
 12829 | D:8      | Reached skill level 5 in Spellcasting
 12866 | D:8      | Killed a two-headed ogre
 12867 | D:8      | Reached skill level 5 in Ice Magic
 12867 | D:8      | Reached skill level 5 in Evocations
 12867 | D:8      | Reached XP level 10. HP: 63/63 MP: 17/17
 12988 | D:9      | Found a glowing golden altar of the Shining One.
 12990 | D:9      | Found a sacrificial altar of Ru.
 12990 | D:9      | Found a stormy altar of Qazlal.
 12992 | D:9      | Found an ornate altar of the Wu Jian Council.
 12992 | D:9      | Found a sacrificial altar of Ru.
 12992 | D:9      | Found a shimmering altar of Xom.
 13050 | D:9      | Found a blossoming altar of Fedhas.
 13050 | D:9      | Found a glowing golden altar of the Shining One.
 13082 | D:9      | Found Penuriy's Magic Scroll Shop.
 13091 | D:9      | Bought a scroll of teleportation for 45 gold pieces
 13091 | D:9      | Bought a scroll of identify for 30 gold pieces
 13561 | D:9      | Learned a level 5 spell: Fireball
 13582 | D:9      | Reached skill level 8 in Fire Magic
 13623 | D:9      | Found a staircase to the Lair.
 14212 | D:9      | Found a staircase to the Orcish Mines.
 14327 | D:8      | Found a hide-covered altar of Uskayaw.
 15789 | D:9      | Reached skill level 5 in Fighting
 15923 | D:10     | Entered Level 10 of the Dungeon
 16423 | D:10     | Noticed Psyche
 16722 | D:10     | Identified the +2 quarterstaff of Painful Death {freeze,
                  | rCorr Str-2 Int+2}
 16773 | D:10     | Noticed a two-headed ogre
 16839 | D:10     | Killed a two-headed ogre
 16840 | D:10     | Reached skill level 9 in Fire Magic
 16840 | D:10     | Reached XP level 11. HP: 38/72 MP: 20/20
 17049 | D:10     | Found a runed translucent door.
 17060 | D:10     | Noticed Fannar
 17064 | D:10     | Noticed Josephine
 17595 | D:10     | Found an opulent altar of Gozag.
 17630 | D:10     | Became a worshipper of Gozag Ym Sagoz the Greedy
 17769 | D:5      | Bought an encrusted bone wand for 96 gold pieces
 17769 | D:5      | Bought a scroll labelled BUOFEU AXEO for 24 gold pieces
 17769 | D:5      | Bought a bubbling dark potion for 21 gold pieces
 17769 | D:5      | Bought a sedimented orange potion for 21 gold pieces
 17837 | D:9      | Bought a scroll of blinking for 112 gold pieces
 19812 | D:11     | Found Jariad's Magic Scroll Emporium.
 19817 | D:11     | Bought a scroll of noise for 12 gold pieces
 19827 | D:11     | Noticed an eight-headed hydra
 19891 | D:12     | Reached skill level 10 in Fire Magic
 20668 | D:11     | Killed an eight-headed hydra
 20874 | D:11     | Noticed a two-headed ogre
 20897 | D:11     | Killed a two-headed ogre
 20972 | D:11     | Noticed an eight-headed hydra
 20977 | D:11     | Killed an eight-headed hydra
 20978 | D:11     | Reached skill level 11 in Fire Magic
 20978 | D:11     | Reached XP level 12. HP: 82/82 MP: 15/22
 20979 | D:11     | Noticed a death knight
 21098 | D:11     | HP: 4/82 [death knight (24)]
 21217 | D:11     | Noticed a four-headed hydra
 21240 | D:11     | Killed a four-headed hydra
 21312 | Lair:1   | Entered Level 1 of the Lair of Beasts
 21415 | Lair:1   | Found a frozen archway.
 21517 | IceCv    | Entered an ice cave
 22619 | Lair:1   | Reached skill level 10 in Spellcasting
 23075 | Lair:1   | Identified the +4 buckler "Vouqaha" {Int+4}
 23181 | Lair:1   | Reached skill level 1 in Shields
 23184 | Lair:1   | Noticed Britaniac's ghost (journeyman NaIE)
 23495 | Lair:1   | Found a transporter.
 23496 | Lair:1   | Found a one-way gate to the infinite horrors of the Abyss.
 23499 | Lair:1   | Found a transporter.
 23505 | Lair:1   | Noticed a rakshasa
 24630 | Lair:2   | Reached XP level 13. HP: 88/88 MP: 25/27
 24772 | Lair:2   | Reached skill level 5 in Stealth
 25838 | Lair:2   | Identified a scroll of acquirement
 25839 | Lair:2   | Acquired a +2 hat of willpower
 26802 | D:11     | Noticed a fire dragon
 27064 | D:11     | Bought a scroll of acquirement for 624 gold pieces
 27064 | D:11     | Bought a scroll of acquirement for 624 gold pieces
 27064 | D:11     | Acquired 1023 gold pieces
 27066 | D:11     | Acquired a ring of protection from cold
 27286 | D:11     | Killed a fire dragon
 28074 | D:13     | Reached skill level 10 in Fighting
 28390 | Lair:1   | Bought a potion of degeneration for 15 gold pieces
 28390 | Lair:1   | Bought a potion of curing for 45 gold pieces
 28390 | Lair:1   | Bought a potion of heal wounds for 75 gold pieces
 28390 | Lair:1   | Bought a potion of lignification for 45 gold pieces
 28390 | Lair:1   | Bought a potion of curing for 45 gold pieces
 29917 | Lair:3   | Found a staircase to the Shoals.
 29990 | Lair:3   | Found a hole to the Spider Nest.
 30106 | Lair:3   | Reached XP level 14. HP: 99/99 MP: 28/28
 30923 | Lair:4   | Reached skill level 5 in Shields
 31451 | Lair:4   | Identified the +6 flail of Iconoclasm {chaos, Str+7}
 32284 | Lair:4   | Learned a level 4 spell: Cause Fear
 32635 | Lair:5   | Reached skill level 1 in Hexes
 33787 | Lair:5   | Identified the +6 trident "Fodd" {freeze, rElec Str+4
                  | Dex+3}
 34754 | Lair:1   | Bought a scroll of teleportation for 42 gold pieces
 34754 | Lair:1   | Bought a scroll of identify for 28 gold pieces
 34842 | Orc:1    | Entered Level 1 of the Orcish Mines
 34862 | Orc:1    | Found Naproep's Distillery.
 34948 | Orc:1    | Noticed Snorg
 34964 | Orc:1    | Killed Snorg
 34965 | Orc:1    | Reached skill level 10 in Conjurations
 35644 | Orc:2    | Entered Level 2 of the Orcish Mines
 35644 | Orc:2    | Noticed Sonja
 35646 | Orc:2    | Killed Sonja
 35875 | Orc:2    | Found a staircase to the Elven Halls.
 36034 | Orc:2    | Noticed an orc warlord
 36379 | Orc:2    | Killed an orc warlord
 37484 | Orc:2    | Reached skill level 12 in Fire Magic
 38752 | Orc:2    | Found Cikhlihiq's Armour Shop.
 38752 | Orc:2    | Found Akheku Honu's Book Shop.
 38753 | Orc:2    | Found Wiacsoi's Distillery.
 38757 | Orc:2    | Found Hecwoown's Armour Boutique.
 38762 | Orc:2    | Bought a potion of invisibility for 96 gold pieces
 38762 | Orc:2    | Bought a potion of heal wounds for 60 gold pieces
 38762 | Orc:2    | Bought a potion of attraction for 36 gold pieces
 38762 | Orc:2    | Bought a potion of mutation for 96 gold pieces
 39439 | Lair:6   | Entered Level 6 of the Lair of Beasts
 39449 | Lair:6   | Reached XP level 15. HP: 55/105 MP: 22/30
 40443 | Orc:2    | Bought a +2 buckler of fire resistance for 258 gold pieces
 41050 | Lair:6   | Reached skill level 1 in Polearms
 41389 | Lair:6   | Reached skill level 5 in Hexes
 41725 | Lair:6   | Found a large runed translucent door.
 41725 | Lair:6   | Found a large runed translucent door.
 43897 | D:14     | Identified the +10 dagger of Watchfulness {freeze, rC+}
 44373 | D:14     | Identified the +6 tower shield of Creativity {rC+ Int-2
                  | Dex+7 Stlth+}
 44373 | D:14     | Noticed Louise
 44610 | D:15     | Entered Level 15 of the Dungeon
 44621 | D:15     | Noticed a frost giant
 44625 | D:15     | Noticed a fire giant
 44916 | D:15     | Noticed an emperor scorpion
 44948 | D:15     | Reached skill level 13 in Fire Magic
 45104 | D:14     | Killed Louise
 45468 | D:14     | Reached skill level 5 in Polearms
 46170 | D:14     | Found a gate to the Vaults.
 46551 | D:15     | Killed a frost giant
 46656 | D:15     | Found a sparkling altar of Nemelex Xobeh.
 46765 | D:15     | Killed a fire giant
 46766 | D:15     | Reached XP level 16. HP: 73/110 MP: 27/32
 47325 | D:15     | Found a staircase to the Depths.
 47744 | D:15     | Found a runed translucent gate.
 47744 | D:15     | Found a runed translucent gate.
 47744 | D:15     | Found a runed translucent gate.
 47745 | D:15     | Noticed Vuirau's ghost (journeyman DsGl)
 47982 | Spider:1 | Entered Level 1 of the Spider Nest
 47997 | Lair:3   | Reached skill level 14 in Fire Magic
 48000 | Spider:1 | Paralysed by a Zot trap for 2 turns
 48001 | Spider:1 | HP: 3/110 [wolf spider (6)]
 48001 | Spider:1 | Slain by a jumping spider

Table legend: (Time is in decaauts)
 A = Elapsed time spent in this place.
 B = Non-inter-level travel time spent in this place.
 C = Inter-level travel time spent in this place.
 D = Time resting spent in this place.
 E = Time spent auto-exploring this place.
 F = Levels seen in this place.
 G = Mean time per level.
                   A        B        C        D        E       F      G
               +--------+--------+--------+--------+--------+-----+--------+
         Total |  48119 |  43954 |   4165 |  18985 |  17835 |  26 | 1850.7 |
       Dungeon |  28833 |  26191 |   2642 |  11780 |  10083 |  15 | 1922.2 |
        Temple |    515 |    483 |     32 |      0 |    475 |   1 |  515.0 |
          Lair |  13148 |  11858 |   1290 |   4858 |   5470 |   6 | 2191.3 |
   Spider Nest |      5 |      5 |      0 |      0 |      0 |   1 |    5.0 |
  Orcish Mines |   4544 |   4344 |    200 |   1500 |   1753 |   2 | 2272.0 |
      Ice Cave |   1072 |   1072 |      0 |    847 |     54 |   1 | 1072.0 |
               +--------+--------+--------+--------+--------+-----+--------+

Top non-repeatable levels by time:
    D:10: 3138 daAuts
   Orc:2: 3110 daAuts
    D:14: 2991 daAuts
     D:6: 2934 daAuts
    D:11: 2887 daAuts
  Lair:5: 2478 daAuts
  Lair:1: 2231 daAuts
  Lair:4: 2173 daAuts
  Lair:3: 2147 daAuts
  Lair:6: 2125 daAuts
     D:2: 2051 daAuts
  Lair:2: 1992 daAuts
     D:9: 1938 daAuts
     D:1: 1908 daAuts
     D:4: 1820 daAuts

Table legend:
 A = Kills in this place as a percentage of kills in entire the game.
 B = Kills by you in this place as a percentage of kills by you in the entire game.
 C = Kills by friends in this place as a percentage of kills by friends in the entire game.
 D = Other kills in this place as a percentage of other kills in the entire game.
 E = Experience gained in this place as a percentage of experience gained in the entire game.
 F = Experience gained in this place divided by the number of levels of this place that you have seen.
                   A       B       C       D       E      F
               +-------+-------+-------+-------+-------+----------------------
         Total | 100.0 | 100.0 | 100.0 |   N/A | 100.0 | 5236.4
       Dungeon |  47.3 |  47.1 | 100.0 |   N/A |  49.5 | 4490.1
          Lair |  27.2 |  27.3 |   0.0 |   N/A |  34.6 | 7857.0
  Orcish Mines |  23.6 |  23.6 |   0.0 |   N/A |  13.3 | 9027.5
      Ice Cave |   2.0 |   2.0 |   0.0 |   N/A |   2.6 | 3598.0
               +-------+-------+-------+-------+-------+----------------------

Action                   |  1- 3 |  4- 6 |  7- 9 | 10-12 | 13-15 | 16-18 || total
-------------------------+-------+-------+-------+-------+-------+-------++-------
Melee: Dagger            |       |    23 |     3 |    31 |    41 |     1 ||    99
       Tentacles         |       |     3 |       |     3 |    24 |       ||    30
       Constrict         |       |     4 |       |     5 |    27 |       ||    36
       Trident           |       |       |       |       |   116 |     4 ||   120
Throw: Dart              |       |     1 |     5 |     4 |     8 |     2 ||    20
 Cast: Foxfire           |    97 |   138 |   211 |   453 |   602 |       ||  1501
       Sticky Flame      |       |       |    12 |    65 |    84 |       ||   161
       Fireball          |       |       |       |    72 |   417 |    26 ||   515
       Frozen Ramparts   |       |       |       |     1 |     7 |       ||     8
       Cause Fear        |       |       |       |       |     1 |     1 ||     2
       Slow              |       |       |       |       |     6 |     1 ||     7
Invok: Call Merchant     |       |       |       |       |     4 |       ||     4
Evoke: Wand              |       |       |       |     7 |    14 |     1 ||    22
       Phial of floods   |       |       |       |       |     2 |     1 ||     3
  Use: Scroll            |       |       |     2 |    14 |     9 |     1 ||    26
       Potion            |       |       |       |     3 |     1 |     2 ||     6
 Stab: Sleeping          |       |     2 |       |     2 |     3 |     1 ||     8
       Paralysed         |       |       |       |     4 |     5 |       ||     9
       Distracted        |       |       |       |       |     1 |       ||     1
Armor: Skin              |       |       |    10 |    28 |    34 |     5 ||    77
Dodge: Dodged            |     5 |    30 |    32 |   117 |   202 |    14 ||   400
Block: Buckler           |       |       |       |     1 |   123 |     3 ||   127

Vanquished Creatures
  A fire giant (D:15)
  A frost giant (D:15)
  Louise (D:14)
  An orc warlord (Orc:2)
  A dire elephant (D:14)
  Snorg (Orc:1)
  An ettin (Orc:2)
  A fire dragon (D:11)
  An ice dragon (D:15)
  3 boulder beetles
  10 hydras
  An ogre mage (D:14)
  6 centaur warriors
  4 death knights
  A tengu warrior (D:11)
  An orc high priest (Orc:2)
  7 two-headed ogres
  Sonja (Orc:2)
  A skeletal warrior (D:15)
  2 wizards
  A deep troll (D:14)
  2 lindwurms (Lair:6)
  5 oklob plants (Lair:2)
  4 deep elf pyromancers
  3 orc knights
  An orb spider (shapeshifter) (D:15)
  5 orc sorcerers (Orc:2)
  6 manticores
  4 ugly things
  2 wolf spiders (Lair:3)
  4 cyclopes
  An elephant (Lair:2)
  A merfolk siren (Lair:3)
  2 molten gargoyles
  A gargoyle (D:11)
  3 ice statues (IceCv)
  5 black mambas
  A torpor snail (Lair:2)
  12 komodo dragons
  4 freezing wraiths
  16 cane toads
  A kobold demonologist (D:11)
  6 rime drakes
  2 komodo dragons (shapeshifter) (D:14)
  3 yaktaurs
  An entropy weaver simulacrum (IceCv)
  An efreet (D:14)
  7 trolls
  A polar bear (Lair:1)
  2 blink frogs (shapeshifter)
  8 blink frogs
  3 shadows
  A dire elephant simulacrum (IceCv)
  A vampire (D:12)
  7 wraiths
  56 yaks
  5 wyverns
  15 basilisks
  A death yak simulacrum (IceCv)
  7 steam dragons
  3 vampire mosquitoes
  A redback simulacrum (D:12)
  3 wargs
  A harpy simulacrum (IceCv)
  An acid dragon (D:12)
  5 hell hounds (Lair:6)
  10 water moccasins
  31 orc warriors
  Duvessa (D:6)
  A sky beast (D:7)
  An ice beast (D:5)
  3 black bears
  14 wolves
  11 ogres
  2 necrophages
  2 centaurs
  A phantom (D:5)
  3 kobold brigands (D:11)
  13 bullfrogs
  A gnoll sergeant (D:6)
  Dowan (D:6)
  2 scorpions
  2 cane toad simulacra (IceCv)
  12 killer bees
  An elephant simulacrum (IceCv)
  7 electric eels
  8 howler monkeys
  5 lava snakes (Lair:6)
  A bullfrog zombie (D:4)
  2 centaur zombies
  A hound (D:7)
  3 jellies
  20 orc priests
  2 bullfrog skeletons
  36 orc wizards
  A scorpion zombie (D:4)
  2 iguanas
  7 hell rats (Lair:5)
  A polar bear simulacrum (IceCv)
  3 killer bee zombies
  A hound zombie (D:5)
  2 hound skeletons (D:4)
  A howler monkey zombie (D:6)
  12 gnolls
  6 adders
  A shadow imp (D:7)
  2 white imps
  2 adder zombies (D:4)
  A worm (D:3)
  3 dart slugs
  86 orcs
  3 bats
  8 endoplasms
  2 giant cockroaches (D:4)
  7 goblins
  6 hobgoblins
  5 jackals
  8 kobolds
  2 quokkas
  7 ball pythons
  3 frilled lizards
  A quokka zombie (D:4)
  5 rats
656 creatures vanquished.

Vanquished Creatures (collateral kills)
  A hydra (D:11)
  A wraith (D:11)
  4 foxfires
6 creatures vanquished.

Vanquished Creatures (others)
  2598 foxfires
  42 fungi
  67 plants
2707 creatures vanquished.

Grand Total: 3369 creatures vanquished
